 Dungeon Crawl Stone Soup version 0.24.0-13-gcf9b3192b9 (webtiles) character file.

Game seed: 8347450107308030086, levelgen mode: deterministic

249 Midas the Cutter (level 5, 0/32 HPs)
             Began as a Deep Elf Gladiator on Nov 10, 2019.
             Succumbed to a hobgoblin's poison
             ... on level 2 of the Dungeon.
             The game lasted 00:04:12 (2199 turns).

Midas the Cutter (Deep Elf Gladiator)               Turns: 2199, Time: 00:04:12

Health: 0/32       AC:  4    Str: 11    XL:     5   Next: 86%
Magic:  7/7        EV: 14    Int: 14    God:
Gold:   34         SH:  0    Dex: 16    Spells: 4/4 levels left

rFire    . . .     SeeInvis .   a - +0 rapier
rCold    . . .     Gourm    .   (no shield)
rNeg     . . .     Faith    .   b - +0 leather armour
rPois    .         Spirit   .   c - +0 helmet
rElec    .         Reflect  .   (no cloak)
rCorr    .         Harm     .   (no gloves)
MR       .....                  (no boots)
Stlth    +.........             (no amulet)
HPRegen  0.10/turn              (no ring)
MPRegen  0.10/turn              (no ring)

@: lethally poisoned (0 -> -4)
A: hooves 1, high mp 1, evolution 1
a: no special abilities


You were on level 2 of the Dungeon.
You were not hungry.

You visited 1 branch of the dungeon, and saw 2 of its levels.

You collected 34 gold pieces.

Inventory:

Hand Weapons
 a - a +0 rapier (weapon)
Missiles
 d - a throwing net (quivered)
 m - 16 stones
Armour
 b - a +0 leather armour (worn)
 c - a +0 helmet (worn)
Scrolls
 g - a scroll of fear {unknown}
 i - 2 scrolls of blinking {unknown}
Potions
 h - a potion of degeneration
 j - a potion of cancellation
 k - a potion of agility
Comestibles
 f - a ration


   Skills:
 + Level 2.8 Fighting
 * Level 5.1 Short Blades
 - Level 2.0 Throwing
 + Level 5.0 Dodging


You had 4 spell levels left.
You didn't know any spells.
Your spell library was empty.

Dungeon Overview and Level Annotations

Branches:
Dungeon (2/15)

Altars:


Innate Abilities, Weirdness & Mutations

You have large cloven feet.
You have an increased reservoir of magic. (+10% MP)
You evolve.


Message History

You feel sick.
You feel magically purged.
* * * LOW HITPOINT WARNING * * *
You feel sick.
Unknown command.
It was a potion of mutation.
You feel extremely strange.
You feel nature experimenting on you.
Don't worry, failures die fast.
You feel more energetic.
Your feet thicken and deform.
* * * LOW HITPOINT WARNING * * *
You feel sick.
* * * LOW HITPOINT WARNING * * *
You feel sick.
Okay, then.
* * * LOW HITPOINT WARNING * * *
You feel sick.
* * * LOW HITPOINT WARNING * * *
You feel sick.
* * * LOW HITPOINT WARNING * * *
You feel sick.
You die...

#........## #.# #.# #.######..#
#.# #.# #..## #.# #.# #...# #.#
#.# #...# #.# .# #.# #...# #.# ..
#.# ###########...# #.#
.l####.#####.........#...# #.#
g.#.............@....)...# #.#
..#.#.####.#.##..........######.#
..#(#.# #.......[###..##.....†..#
..#†#.###..#.#######†.##.########
...).†...................#
..###.###..##########.####
.............)..# #.#
..########†####.#####.# ## #.#
#.......#


There were no monsters in sight!

Vanquished Creatures
  Sigmund (D:2)
  Terence (D:1)
  An adder (D:2)
  2 oozes (D:1)
  4 dart slugs
  2 leopard geckos
  A giant cockroach (D:1)
  7 hobgoblins
  5 kobolds
  A ball python (D:1)
  2 bats (D:2)
  4 frilled lizards
  A goblin (D:1)
  7 rats
39 creatures vanquished.

Notes
Turn   | Place    | Note
-------+----------+-------------------------------------------
     0 | D:1      | Midas the Deep Elf Gladiator began the quest for the Orb.
     0 | D:1      | Reached XP level 1. HP: 12/12 MP: 3/3
    96 | D:1      | Reached XP level 2. HP: 17/17 MP: 4/4
   774 | D:1      | Reached XP level 3. HP: 21/21 MP: 5/5
  1018 | D:2      | Noticed Terence
  1057 | D:1      | Killed Terence
  1199 | D:2      | Reached XP level 4. HP: 26/26 MP: 6/6
  1263 | D:2      | Noticed Sigmund
  1886 | D:2      | Killed Sigmund
  1886 | D:2      | Reached skill level 5 in Short Blades
  1886 | D:2      | Reached skill level 5 in Dodging
  1886 | D:2      | Reached XP level 5. HP: 20/32 MP: 7/7
  2186 | D:2      | Gained mutation: You evolve. [potion of mutation]
  2186 | D:2      | Gained mutation: You have an increased reservoir of magic.
                  | (+10% MP) [potion of mutation]
  2186 | D:2      | Gained mutation: You have large cloven feet. [potion of
                  | mutation]
  2193 | D:2      | HP: 1/32 [poisoned by a hobgoblin]
  2199 | D:2      | Succumbed to a hobgoblin's poison

Levels and vault maps discovered:
D:1:      minmay_arrival_cross, layout_basic
D:2:      layout_loops_ring, nicolae_overflow_crystal_walls, first_ration,
          uniq_sigmund, uniq_terence

Skill      XL: |  1  2  3  4 |
---------------+-------------+-----
Dodging        | 4 5 |  5.0
Fighting       | 2 |  2.8
Short Blades   | 4 5 |  5.1
Throwing       | |  2.0

Action                   |  1- 3 |  4- 6 || total
-------------------------+-------+-------++-------
Melee: Rapier            |    69 |    64 ||   133
Throw: Throwing net      |     2 |     2 ||     4
  Use: Scroll            |       |     3 ||     3
       Potion            |       |     2 ||     2
 Stab: Sleeping          |     2 |       ||     2
       Held in net/web   |     1 |       ||     1
  Eat: Chunk             |       |     1 ||     1
       Ration            |       |     1 ||     1
Armor: Leather armour    |     7 |     7 ||    14
Dodge: Dodged            |    38 |    33 ||    71
